 Dungeon Crawl Stone Soup version 0.32-a0-928-g1cae6b7ea0 (webtiles) character file.

Game seed: 3813287082973358741

3096 Maxmaps the Skirmisher (level 9, -11/56 HPs)
             Began as an Octopode Monk on Apr 13, 2024.
             Was an Initiate of Gozag.
             Mangled by an iguana (14 damage)
             ... on level 7 of the Dungeon.
             The game lasted 00:06:00 (5592 turns).

Maxmaps the Skirmisher (Octopode Monk)              Turns: 5592, Time: 00:06:01

Health: -11/56     AC:  1    Str:  7    XL:     9   Next: 90%
Magic:  9/9        EV: 15    Int: 17    God:    Gozag
Gold:   349        SH: 10    Dex: 16    Spells: 8/8 levels left

rFire   + + .        d - +7 hand cannon "Mule" {flame, backblast, rF+}
rCold   . . .        r - +0 kite shield
rNeg    + . .        (helmet restricted)
rPois   .            (no amulet)
rElec   .            g - ring of Unos {rN+ Will+ Str-3 Int+2 Slay+5}
rCorr   +            o - +5 ring of evasion
SInv    .            m - ring of protection from fire
Will    +....        p - ring of resist corrosion
Stlth   ++++         (no ring)
HPRegen 0.29/turn    (no ring)
MPRegen 0.11/turn    (no ring)
                     (no ring)

%: no passive effects
@: no status effects
A: almost no armour, amphibious, 8 rings, camouflage 1, gelatinous body 1,
(nimble swimmer 1), tentacles
a: Renounce Religion, Potion Petition, Call Merchant, Bribe Branch


You were on level 7 of the Dungeon.
You worshipped Gozag.
Gozag was aware of your devotion.
You visited 2 branches of the dungeon, and saw 8 of its levels.

You collected 349 gold pieces.

Inventory:

Hand Weapons
 d - the +7 hand cannon "Mule" (weapon) {flame, backblast, rF+}
   (You acquired it on level 4 of the Dungeon)

   rF+:       It protects you from fire.
Missiles
 i - a throwing net
Armour
 b - an orb of light
 r - a +0 kite shield (worn)
Jewellery
 g - the ring of Unos (left tentacle) {rN+ Will+ Str-3 Int+2 Slay+5}
   (You found it on level 4 of the Dungeon)

   [ring of willpower]

   Str-3:     It affects your strength (-3).
   Int+2:     It affects your intelligence (+2).
   Slay+5:    It affects your accuracy & damage with ranged weapons and melee
   (+5).
   rN+:       It protects you from negative energy.
   Will+:     It increases your willpower.
 m - a ring of protection from fire (on tentacle)
 o - a +5 ring of evasion (right tentacle)
 p - a ring of resist corrosion (on tentacle)
Wands
 k - a wand of iceblast (8)
 u - a wand of quicksilver (10)
Scrolls
 j - a scroll of teleportation
 s - a scroll of blinking
 t - a scroll of vulnerability {unknown}
 x - a scroll of acquirement
Potions
 a - a potion of ambrosia
 c - a potion of might
 e - a potion of haste
 f - a potion of invisibility {unknown}
 h - 5 potions of curing
 l - a potion of attraction {unknown}
 n - a potion of berserk rage {unknown}
 q - a potion of resistance {unknown}
 v - a potion of degeneration {unknown}
 w - 2 potions of lignification {unknown}


   Skills:
 - Level 3.0 Fighting
 - Level 11.2 Ranged Weapons
 - Level 3.0 Dodging
 - Level 4.0 Stealth
 + Level 5.4 Shields
 - Level 4.6 Unarmed Combat


You had 8 spell levels left.
You didn't know any spells.
Your spell library contained the following spells:

 Spells                   Type           Power      Damage    Failure   Level
 Apportation              Tloc           0%         N/A       78%         1
 Jinxbite                 Hex            0%         N/A       89%         2
 Tukima's Dance           Hex            0%         N/A       98%         3
 Dimensional Bullseye     Hex/Tloc       0%         N/A       100%        4
 Iskenderun's Mystic Bla Conj/Tloc 0%             2d3        (+2d1     100%        4
 Leda's Liquefaction      Alch/Erth      0%         N/A       100%        4
 Alistair's Intoxication  Alch           0%         N/A       100%        5
 Lee's Rapid Deconstruct  Erth           0%         3d4*      100%        5
 Yara's Violent Unravell  Hex/Alch       0%         3d3       100%        5
 Permafrost Eruption      Ice/Erth       0%         2x4d1     100%        6
 Enfeeble                 Hex            0%         N/A       100%        7


Dungeon Overview and Level Annotations

Branches:
Dungeon (7/15)             Temple (1/1) D:7

Altars:
Ashenzari
Cheibriados
Dithmenos
Elyvilon
Fedhas
Gozag
Hepliaklqana
Kikubaaqudgha
Makhleb
Nemelex Xobeh
Okawaru
Qazlal
Ru
Sif Muna
Trog
Uskayaw
Vehumet
Wu Jian
Xom
Yredelemnul
Zin
The Shining One

Annotations:
D:7 2 transporters, Graveyardigan's ghost, novice CoHu


Innate Abilities, Weirdness & Mutations

You cannot wear most types of armour.
You are amphibious.
You can wear up to eight rings at the same time.
Your skin changes colour to match your surroundings (Stealth+).
Your rubbery body absorbs attacks. (AC +1, EV +1)
((You are camouflaged when in or above water. (Stealth+)))
You have tentacles for arms and can constrict up to eight enemies at once.


Message History

The slug hits the komodo dragon.
The slug burns the komodo dragon.
The komodo dragon is no longer distracted by gold.
The komodo dragon is moderately wounded.
The frilled lizard is no longer distracted by gold.
You block the komodo dragon's attack.
You shoot a slug. The slug hits the komodo dragon!!
The slug burns the komodo dragon.
The komodo dragon is almost dead.
The iguana is no longer distracted by gold.
The komodo dragon hisses menacingly.
The komodo dragon bites you!! The komodo dragon closely misses you.
The iguana barely misses you.
You shoot a slug.
The slug barely misses the komodo dragon.
The komodo dragon closely misses you. You block the iguana's attack.
The komodo dragon misses you.
You shoot a slug. The slug hits the komodo dragon.
The slug burns the komodo dragon.
The komodo dragon is almost dead.
The iguana bites you! The komodo dragon misses you. The iguana misses you.
Unknown command.
You are too injured to fight recklessly!
You are too injured to fight recklessly!
Unknown command.
You are too injured to fight recklessly!
You are too injured to fight recklessly!
Fire: d) +7 hand cannon "Mule" {flame, backblast, rF+}
Press: ? - help, Shift-Dir - straight line, f/p - komodo dragon
Aim: a komodo dragon (magical condensation, almost dead, 80% to hit)
You shoot a slug.
The slug completely misses the komodo dragon.
The komodo dragon bites you!
* * * LOW HITPOINT WARNING * * *
The iguana bites you!
* * * LOW HITPOINT WARNING * * *
The komodo dragon bites you.
* * * LOW HITPOINT WARNING * * *
The iguana bites you!
You die...
Your body crumbles into a pile of gold.

#. #. #.# ###
######### ..# #.#
#@ll$$..# #.# #.#
##l###....P#.####..
####..#
##$.P.#.#.....
#....##
....#...###.
#.##### ...P#..##
#.
#.....####..P##..#
#.
#####....###.#..##
#. ####...###.## ##
###.....# #


You could see a komodo dragon, an iguana and a frilled lizard.

Vanquished Creatures
  A two-headed ogre (D:5)
  Grinder (D:4)
  Prince Ribbit (D:7)
  Eustachio (D:5)
  Menkaure (D:7)
  Duvessa (D:6)
  A water moccasin (D:7)
  An orc warrior (D:6)
  A black bear (D:4)
  A gnoll sergeant (D:6)
  3 kobold brigands
  2 bullfrogs (D:7)
  2 scorpions
  Dowan (D:6)
  4 orc priests
  4 hounds
  3 bombardier beetles (D:5)
  A jelly (D:5)
  5 iguanas
  Natasha (thrice) (D:4)
  3 orc wizards (D:6)
  9 gnolls (D:6)
  7 adders
  2 ufetubi (D:5)
  5 dart slugs
  2 ribbon worms
  22 orcs
  5 ball pythons
  7 bats
  3 endoplasms
  2 giant cockroaches
  7 goblins
  6 hobgoblins
  9 jackals
  2 quokkas
  8 frilled lizards
  14 kobolds
  4 rats
155 creatures vanquished.

Notes
Turn   | Place    | Note
-------+----------+-------------------------------------------
     0 | D:1      | Maxmaps the Octopode Monk began the quest for the Orb.
     0 | D:1      | Reached XP level 1. HP: 16/16 MP: 1/1
   177 | D:1      | Reached skill level 1 in Stealth
   359 | D:1      | Reached XP level 2. HP: 21/21 MP: 2/2
   986 | D:2      | Reached XP level 3. HP: 22/26 MP: 3/3
  1514 | D:3      | Reached XP level 4. HP: 31/31 MP: 4/4
  1644 | D:3      | HP: 1/31 [poisoned by an orc]
  2128 | D:3      | Reached XP level 5. HP: 36/36 MP: 5/5
  2245 | D:4      | Identified a scroll of acquirement
  2245 | D:4      | Acquired the +7 hand cannon "Mule" {flame, backblast, rF+}
  2245 | D:4      | Found the +7 hand cannon "Mule" {flame, backblast, rF+}
  2257 | D:4      | Identified the ring of Unos {rN+ Will+ Str-3 Int+2 Slay+5}
  2462 | D:4      | Noticed Grinder
  2468 | D:4      | Killed Grinder
  2469 | D:4      | Reached skill level 4 in Ranged Weapons
  2469 | D:4      | Reached XP level 6. HP: 42/42 MP: 6/6
  2605 | D:4      | Found a radiant altar of Vehumet.
  2609 | D:4      | Noticed Natasha
  2611 | D:4      | Killed Natasha
  2801 | D:4      | Noticed a black bear
  2802 | D:4      | Killed a black bear
  2803 | D:4      | Reached skill level 5 in Ranged Weapons
  2803 | D:4      | Reached XP level 7. HP: 46/46 MP: 7/7
  2952 | D:4      | Noticed Natasha
  2953 | D:4      | Killed Natasha
  2980 | D:4      | Noticed Natasha
  2981 | D:4      | Killed Natasha
  3163 | D:5      | Entered Level 5 of the Dungeon
  3180 | D:5      | Noticed a two-headed ogre
  3185 | D:5      | Killed a two-headed ogre
  3186 | D:5      | Reached skill level 8 in Ranged Weapons
  3186 | D:5      | Reached XP level 8. HP: 19/52 MP: 8/8
  3488 | D:5      | Noticed Eustachio
  3493 | D:5      | Killed Eustachio
  3613 | D:5      | Reached skill level 9 in Ranged Weapons
  4120 | D:6      | Noticed Duvessa
  4120 | D:6      | Noticed Dowan
  4123 | D:6      | Killed Duvessa
  4125 | D:6      | Killed Dowan
  4128 | D:6      | Reached skill level 10 in Ranged Weapons
  4128 | D:6      | Reached XP level 9. HP: 56/56 MP: 9/9
  4465 | D:6      | Reached skill level 11 in Ranged Weapons
  4905 | D:7      | Reached skill level 1 in Shields
  5109 | D:7      | Found a staircase to the Ecumenical Temple.
  5119 | Temple   | Entered the Ecumenical Temple
  5139 | Temple   | Became a worshipper of Gozag Ym Sagoz the Greedy
  5299 | D:7      | Found a transporter.
  5301 | D:7      | Noticed a moth of wrath
  5302 | D:7      | Noticed Graveyardigan's ghost (novice CoHu)
  5317 | D:7      | Found a transporter.
  5402 | D:7      | Noticed Menkaure
  5404 | D:7      | Noticed Prince Ribbit
  5406 | D:7      | Killed Menkaure
  5416 | D:7      | Killed Prince Ribbit
  5417 | D:7      | Reached skill level 5 in Shields
  5576 | D:7      | Noticed a komodo dragon
  5592 | D:7      | Mangled by an iguana

Illustrated notes

Levels and vault maps discovered:
D:1:      tekkud_arrival_beachfront_property, layout_basic,
          hangedman_feature_mirror, hangedman_glass_teeth
D:2:      layout_rooms
D:3:      layout_loops_cross, minmay_randomly_rotated_circles
D:4:      layout_basic, lemuel_tele_altar, uniq_grinder, uniq_natasha
D:5:      layout_basic, serial_park_tiny_2, minmay_fountain_box,
          kennysheep_pointless_box, grunt_ministairs_14, uniq_eustachio
D:6:      layout_basic, uniq_duvessa
D:7:      layout_rooms, lemuel_temple_firewalk_b,
          gammafunk_ghost_berserking_beasts, minmay_lizard_king, uniq_menkaure,
          uniq_prince_ribbit1, uniq_crazy_yiuf_cottage
Temple:   mainiacjoe_temple_archimedes_tessellation

Skill      XL: |  1  2  3  4  5  6  7  8  9 |
---------------+----------------------------+-----
Stealth        | 2 4 |  4.0
Unarmed Combat | 4 |  4.6
Ranged Weapons | 4 5 8 10 11 | 11.2
Shields        | 5 |  5.4
Fighting       | |  3.0
Dodging        | |  3.0

Action                     |  1- 3 |  4- 6 |  7- 9 || total
---------------------------+-------+-------+-------++-------
  Melee: Unarmed           |    62 |    37 |       ||    99
         Constrict         |    19 |     9 |       ||    28
         Tentacles         |     8 |     4 |       ||    12
         Punch             |       |     1 |       ||     1
   Fire: Hand cannon       |       |    22 |   165 ||   187
    Use: Scroll            |       |     2 |    10 ||    12
   Stab: Sleeping          |    12 |     3 |       ||    15
 Armour: Skin              |    20 |    14 |    26 ||    60
  Dodge: Dodged            |    40 |    16 |    45 ||   101
  Block: Kite shield       |       |       |     8 ||     8

Table legend: (Time is in decaauts)
 A = Elapsed time spent in this place.
 B = Non-inter-level travel time spent in this place.
 C = Inter-level travel time spent in this place.
 D = Time resting spent in this place.
 E = Time spent auto-exploring this place.
 F = Levels seen in this place.
 G = Mean time per level.
                   A        B        C        D        E       F      G
               +--------+--------+--------+--------+--------+-----+--------+
         Total |   5692 |   5372 |    320 |    245 |   4351 |   8 |  711.5 |
       Dungeon |   5651 |   5370 |    281 |    245 |   4351 |   7 |  807.3 |
        Temple |     40 |      1 |     39 |      0 |      0 |   1 |   40.0 |
               +--------+--------+--------+--------+--------+-----+--------+

Top non-repeatable levels by time:
     D:4: 959 daAuts
     D:1: 959 daAuts
     D:5: 913 daAuts
     D:6: 856 daAuts
     D:3: 795 daAuts
     D:7: 685 daAuts
     D:2: 482 daAuts
  Temple: 40 daAuts
